 Dungeon Crawl Stone Soup version 0.29.1 (webtiles) character file.

Game seed: 2594312613935695031

156 qw the Chopper (level 5, -1/46 HPs)
             Began as a Minotaur Berserker on Sept 13, 2022.
             Was a Follower of Trog.
             Killed from afar by an orc wizard (6 damage)
             ... with a magic dart
             ... on level 3 of the Dungeon.
             The game lasted 00:01:08 (2822 turns).

qw the Chopper (Minotaur Berserker)                 Turns: 2822, Time: 00:01:09

Health: -1/46      AC: 12    Str: 23    XL:     5   Next: 15%
Magic:  4/4        EV:  8    Int:  4    God:    Trog [*.....]
Gold:   189        SH:  0    Dex: 10    Spells: 4/4 levels left

rFire   . . .      SeeInvis .   Y - +0 hand axe
rCold   . . .      Faith    .   (no shield)
rNeg    . . .      Spirit   .   b - +0 chain mail
rPois   .          Reflect  .   (helmet restricted)
rElec   .          Harm     .   (no cloak)
rCorr   .          Rampage  .   (no gloves)
Will    .....                   (no boots)
Stlth   ..........              (no amulet)
HPRegen 0.15/turn               g - +4 ring of protection
MPRegen 0.09/turn               (no ring)

@: on berserk cooldown, slowed, very slow
A: horns 2, retaliatory headbutt
a: Renounce Religion, Berserk


You were on level 3 of the Dungeon.
You worshipped Trog.
Trog was aware of your devotion.
You visited 1 branch of the dungeon, and saw 3 of its levels.

You collected 189 gold pieces.


Innate Abilities, Weirdness & Mutations

You have a pair of horns on your head.
You reflexively headbutt those who attack you in melee.


   Skills:
 + Level 3.9 Fighting
 - Level 7.0 Axes
 - Level 2.4 Armour
 - Level 2.1 Dodging


You had 4 spell levels left.
You didn't know any spells.
Your spell library was empty.

Inventory:

Hand Weapons
 a - a +0 flail
 Y - a +0 hand axe (weapon)
Missiles
 i - 2 boomerangs (quivered)
Armour
 b - a +0 chain mail (worn)
 c - a +0 pair of gloves
Jewellery
 g - a +4 ring of protection (left hand)
Scrolls
 e - 2 scrolls of identify
 f - a scroll of noise {unknown}
Potions
 d - a potion of might {unknown}

Dungeon Overview and Level Annotations

Branches:
Dungeon (3/15)

Altars:

Annotations:
D:1 Natasha


Message History

The orc wizard points at you and mumbles some strange words.
You are confused.
You start resting.
You feel your anger nearly subside.
You are no longer berserk.
You are exhausted.
You feel yourself slow down.
The orc wizard mumbles some strange words.
The orc wizard flickers and vanishes!
You feel less confused.
You hear some strange, mumbled words.
A puff of flame appears from out of thin air!
Deactivating autopickup; reactivate with Ctrl-A.
The puff of flame hits you but does no damage.
You swing at nothing.
You swing at nothing.
A magic dart appears from out of thin air!
The magic dart hits you.
You swing at nothing.
You hear some strange, mumbled words.
You are confused.
You're too confused to attack without stumbling around!
You start resting.
You hear some strange, mumbled words.
You are more confused.
You're too confused to attack without stumbling around!
You start resting.
You hear some strange, mumbled words.
A puff of flame appears from out of thin air!
The puff of flame hits you but does no damage.
You're too confused to attack without stumbling around!
You start resting.
You hear some strange, mumbled words.
Something tries to affect you, but you resist.
You're too confused to attack without stumbling around!
You start resting.
You feel less confused.
A magic dart appears from out of thin air!
The magic dart hits you.
You die...

....#.#
#............#
.##.#.#
##...#######.#
......# #########
#.# ###.###
.....# #[# # # #.
..# #.# #
#..#.###.#####
###.#
#..#.{#)#.......#
....#
~~~_~~~~).#####.#
..### ..#..#@###
...# # #.# ......
..# ...### ...#
#.## ##### ###


There were no monsters in sight!

Vanquished Creatures
  Natasha (twice) (D:1)
  3 gnolls
  3 adders
  2 dart slugs (D:1)
  A worm (D:2)
  4 orcs (D:3)
  4 endoplasms
  2 hobgoblins
  A quokka (D:3)
  4 ball pythons (D:1)
  A bat (D:1)
  2 frilled lizards (D:2)
  8 goblins
  7 kobolds
  3 rats
47 creatures vanquished.

Vanquished Creatures (others)
  A plant (D:2)
  5 withered plants (D:1)
6 creatures vanquished.

Grand Total: 53 creatures vanquished

Notes
Turn   | Place    | Note
-------+----------+-------------------------------------------
     0 | D:1      | qw the Minotaur Berserker began the quest for the Orb.
     0 | D:1      | Reached XP level 1. HP: 19/19 MP: 0/0
     0 | D:1      | 0 ||| qw: Version: 0.1-a-119-g272c26d
     0 | D:1      | 0 ||| qw: Game counter: 11103
     0 | D:1      | 0 ||| qw: Always use a shield: true
     0 | D:1      | 0 ||| qw: Do Orc after D:15 true
     0 | D:1      | 0 ||| qw: Do second Lair branch before Depths: true
     0 | D:1      | 0 ||| qw: Lair rune preference: random
     0 | D:1      | 0 ||| qw: Plans: Normal
     0 | D:1      | 0 ||| PLANNING D:1-11
   147 | D:1      | Reached skill level 4 in Axes
   243 | D:1      | Reached XP level 2. HP: 26/26 MP: 1/1
   249 | D:1      | 249 ||| Stepping ~*~*~tactically~*~*~ (hiding).
   359 | D:1      | 359 ||| Stepping ~*~*~tactically~*~*~ (stealth).
   366 | D:1      | 366 ||| Stepping ~*~*~tactically~*~*~ (stealth).
   367 | D:1      | 367 ||| Stepping ~*~*~tactically~*~*~ (stealth).
   651 | D:1      | 651 ||| Stepping ~*~*~tactically~*~*~ (stealth).
   654 | D:1      | 654 ||| Stepping ~*~*~tactically~*~*~ (stealth).
   656 | D:1      | 656 ||| Stepping ~*~*~tactically~*~*~ (stealth).
  1001 | D:1      | Reached skill level 5 in Axes
  1195 | D:1      | 1195 ||| UPGRADING to +0 ring mail.
  1205 | D:1      | 1205 ||| DROPPING +0 animal skin.
  1206 | D:1      | 1206 ||| UPGRADING to +4 ring of protection.
  1207 | D:1      | 1207 ||| READING scroll labelled JIYMAPUSKE.
  1208 | D:1      | 1208 ||| READING scroll labelled HOOSTR FUORA.
  1209 | D:1      | 1209 ||| READING scroll labelled QALUUXT URUZE.
  1210 | D:1      | 1210 ||| DRINKING 2 green potions.
  1211 | D:1      | 1211 ||| DRINKING 2 murky sapphire potions.
  1212 | D:1      | 1212 ||| DROPPING potion of invisibility.
  1227 | D:2      | Noticed Natasha
  1228 | D:2      | 1228 ||| STAIRDANCE
  1230 | D:1      | 1230 ||| INVOKING Berserk.
  1232 | D:1      | Killed Natasha
  1233 | D:1      | Reached XP level 3. HP: 30/31 MP: 2/2
  1327 | D:2      | 1327 ||| STAIRDANCE
  1329 | D:1      | 1329 ||| INVOKING Berserk.
  1382 | D:1      | Noticed Natasha
  1385 | D:1      | 1385 ||| INVOKING Berserk.
  1390 | D:1      | Killed Natasha
  1391 | D:1      | Reached skill level 6 in Axes
  1391 | D:1      | Reached XP level 4. HP: 39/39 MP: 3/3
  1497 | D:1      | 1497 ||| DROPPING +0 club.
  1501 | D:2      | 1501 ||| STAIRDANCE
  1503 | D:1      | 1503 ||| INVOKING Berserk.
  1592 | D:1      | Noticed Natasha
  1593 | D:1      | 1593 ||| Stepping ~*~*~tactically~*~*~ (stealth).
  1594 | D:1      | 1594 ||| Stepping ~*~*~tactically~*~*~ (stealth).
  1600 | D:2      | 1600 ||| INVOKING Berserk.
  1891 | D:2      | 1891 ||| Stepping ~*~*~tactically~*~*~ (stealth).
  1892 | D:2      | 1892 ||| Stepping ~*~*~tactically~*~*~ (stealth).
  2154 | D:2      | 2154 ||| UPGRADING to +0 chain mail.
  2164 | D:2      | 2164 ||| DROPPING +0 ring mail.
  2165 | D:2      | 2165 ||| READING scroll labelled IRHURUPI TICO.
  2170 | D:2      | 2170 ||| READING scroll labelled HEYNAETERARE.
  2171 | D:2      | 2171 ||| READING scroll labelled ERYTAM PYOW.
  2172 | D:2      | 2172 ||| READING 2 scrolls of identify.
  2172 | D:2      | 2172 ||| IDENTIFYING brown potion
  2214 | D:3      | Reached skill level 7 in Axes
  2214 | D:3      | Reached XP level 5. HP: 45/45 MP: 4/4
  2456 | D:3      | Found a faded altar of an unknown god.
  2460 | D:3      | 2460 ||| DRINKING 2 potions of curing.
  2460 | D:3      | 2460 ||| (to cure confusion)
  2529 | D:3      | 2529 ||| DRINKING potion of curing.
  2529 | D:3      | 2529 ||| (to cure confusion)
  2532 | D:3      | 2532 ||| INVOKING Berserk.
  2605 | D:3      | 2605 ||| INVOKING Berserk.
  2673 | D:3      | 2673 ||| INVOKING Berserk.
  2731 | D:3      | HP: 10/46 [orc wizard/magic dart (7)]
  2732 | D:3      | 2732 ||| DRINKING potion of heal wounds.
  2733 | D:3      | 2733 ||| INVOKING Berserk.
  2769 | D:3      | HP: 9/46 [something/puff of flame (5)]
  2789 | D:3      | HP: 10/46 [something/puff of flame (2)]
  2794 | D:3      | HP: 6/46 [something/puff of flame (5)]
  2802 | D:3      | 2802 ||| INVOKING Berserk.
  2812 | D:3      | HP: 3/46 [something/magic dart (6)]
  2822 | D:3      | Killed from afar by an orc wizard

Levels and vault maps discovered:
D:1:      spicycebolla_arrival_clurvy, layout_basic,
          minmay_large_rounded_square, minmay_pentomino_p4
D:2:      layout_rooms, serial_forest, infiniplex_forest_lined_3_way,
          infiniplex_forest_end_1, infiniplex_forest_lined_1,
          infiniplex_forest_end_1, infiniplex_forest_zigzag_1, uniq_natasha
D:3:      layout_loops_corners, xom_teletrap_fun, gammafunk_ghost_mausoleum,
          shapermc_ecumenical_altar_notcrosses

Skill      XL: |  1  2  3  4 |
---------------+-------------+-----
Axes           | 4 5 6 7 |  7.0
Fighting       | |  3.9
Armour         | |  2.4
Dodging        | |  2.1

Action                   |  1- 3 |  4- 6 || total
-------------------------+-------+-------++-------
Melee: Hand axe          |    43 |    59 ||   102
       Headbutt          |     6 |     8 ||    14
Invok: Berserk           |     3 |     7 ||    10
  Use: Scroll            |     3 |     4 ||     7
       Potion            |     2 |     3 ||     5
 Stab: Sleeping          |     1 |       ||     1
Armor: Animal skin       |     4 |       ||     4
       Ring mail         |     4 |     7 ||    11
       Chain mail        |       |    29 ||    29
Dodge: Dodged            |    17 |    21 ||    38

Table legend:
 A = Non-vault XP
 B = Vault XP
 C = Vault XP percentage of total XP
 D = Non-vault monster count
 E = Vault monster count
 F = Vault count percentage of total count
                 A         B        C        D         E       F
            +---------+---------+-------+---------+---------+-------
      Total |     186 |      38 |  17.0 |      44 |       3 |   6.4
            +---------+---------+-------+---------+---------+-------
        D:1 |      98 |      38 |  27.9 |      23 |       3 |  11.5
        D:2 |      41 |       0 |   0.0 |       9 |       0 |   0.0
        D:3 |      47 |       0 |   0.0 |      12 |       0 |   0.0
            +---------+---------+-------+---------+---------+-------
